 Dungeon Crawl Stone Soup version 0.31-a0-1096-g246cf0196b (webtiles) character file.

Game seed: 6316004115769113829

1297 Flugkiller the Wallflower (level 9, -1/111 HPs)
             Began as a Meteoran Shapeshifter on Nov 29, 2023.
             Was a Believer of Uskayaw.
             Succumbed to a water moccasin's poison
             ... on level 6 of the Dungeon.
             The game lasted 00:10:05 (2211 turns).

Flugkiller the Wallflower (Meteoran Shapeshifter)   Turns: 2211, Time: 00:10:06

Health: -1/111     AC: 24    Str: 17 (18) XL:     9   Next: 11%
Magic:  4/14       EV:  2    Int: 10 (12) God:    Uskayaw [**....]
Gold:   305        SH: 13    Dex: 14 (16) Spells: 8/8 levels left

rFire   . .          .
                       - Unarmed
rCold   . . .        j - +4 kite shield {reflect}
rNeg    . . .        l - melded +0 chain mail
rPois   +            (helmet currently unavailable)
rElec   .            (cloak currently unavailable)
rCorr   .            (gloves currently unavailable)
SInv    .            (boots currently unavailable)
Will    ++...        q - amulet of guardian spirit
Stlth   +            (no ring)
HPRegen 0.38/turn    (no ring)
MPRegen 0.14/turn

%: reflection, guardian spirit
@: lethally poisoned (-1 -> -25), tree-form, enlightened, glowing
A: stationary, stasis, torment immunity, boosted hp, sense surroundings 2,
otherworldly, glowing, explore regen
a: Renounce Religion, Stomp, Line Pass


You were on level 6 of the Dungeon.
You worshipped Uskayaw.
Uskayaw was noncommittal.
You were a tree.
You visited 1 branch of the dungeon, and saw 6 of its levels.
You also visited: Sewer.

You collected 305 gold pieces.

Inventory:

Missiles
 v - a throwing net
Armour
 j - a +4 kite shield of reflection (worn)
   (You found it on level 2 of the Dungeon)
 l - a +0 chain mail (melded)
   (You found it on level 2 of the Dungeon)
 u - the +0 scale mail "Yntaolome" {rElec Int+4 Dex+4}
   (You found it on level 4 of the Dungeon)

   Int+4:     It affects your intelligence (+4).
   Dex+4:     It affects your dexterity (+4).
   rElec:     It insulates you from electricity.
Jewellery
 h - an amulet of magic regeneration
   (You found it on level 2 of the Dungeon)
 q - an amulet of guardian spirit (around neck)
   (You found it on level 4 of the Dungeon)
 x - an amulet of the acrobat
   (You found it on level 5 of the Dungeon)
Talismans
 c - a beast talisman
 d - a flux talisman
Wands
 g - a wand of polymorph (2)
   (You found it on level 4 of the Dungeon)
Scrolls
 a - a scroll of fear {unknown}
 f - a scroll of revelation
 k - 2 scrolls of fog
 p - a scroll of amnesia {unknown}
 t - a scroll of teleportation
 y - 3 scrolls of acquirement {unknown}
Potions
 e - 2 potions of degeneration
 i - a potion of enlightenment
 m - 2 potions of haste {unknown}
 o - a potion of heal wounds {unknown}
 s - a potion of brilliance {unknown}
 w - a potion of attraction {unknown}
 z - 2 potions of curing {unknown}
 A - a potion of cancellation {unknown}
 B - a potion of resistance {unknown}


   Skills:
 + Level 5.3 Fighting
 + Level 2.9 Dodging
 - Level 5.0 Shields
 * Level 5.8 Unarmed Combat
 + Level 6.4 Invocations
 + Level 5.2 Shapeshifting


You had 8 spell levels left.
You didn't know any spells.
Your spell library contained the following spells:

 Spells                   Type           Power      Damage    Failure   Level
 Kiss of Death            Conj/Necr      0%         2d5       69%         1
 Shock                    Conj/Air       0%         1d3       69%         1
 Ensorcelled Hibernation  Hex/Ice        0%         N/A       83%         2
 Jinxbite                 Hex            0%         N/A       83%         2
 Scorch                   Fire           0%         2d5       83%         2
 Confusing Touch          Hex            0%         N/A       96%         3
 Dazzling Flash           Conj/Hex       0%         N/A       96%         3
 Swiftness                Air            0%         N/A       96%         3
 Volatile Blastmotes      Fire/Tloc      0%         2d10      96%         3
 Airstrike                Air            0%         2d(0-16)  100%        4
 Anguish                  Hex/Necr       0%         N/A       100%        4
 Dispel Undead            Necr           0%         3d6       100%        4
 Flame Wave               Conj/Fire      0%         2d4       100%        4
 Starburst                Conj/Fire      0%         6d3       100%        6
 Summon Cactus Giant      Summ           0%         N/A       100%        6
 Maxwell's Capacitive Co  Air            0%         ∞         100%        8


Dungeon Overview and Level Annotations

Branches:
Dungeon (6/15) Zot: 1401   Temple (0/1) D:4           Sewer (visited)

Altars:
Ru
Uskayaw
Vehumet

Shops:
D:5 :


Innate Abilities, Weirdness & Mutations

You are a tree.
Your roots penetrate the ground, keeping you stationary.
You cannot be teleported.
You are immune to unholy pain and torment.
Your maximum health is greatly increased.
Your equipment is partially melded.
You passively map the area around you.
You are easily found by Zot.
You glow in the dark.
You regain HP and MP as you explore.


Message History

You hit the iguana but do no damage.
The iguana is lightly wounded.
The iguana bites you!
You punch the iguana!
The iguana is heavily wounded.
The iguana bites you.
You barely miss the iguana.
The iguana is heavily wounded.
The iguana bites you.
You closely miss the iguana.
The iguana is heavily wounded.
The iguana barely misses you.
You punch the iguana!
You kill the iguana!
No target in view!
As you open the door, it creaks loudly!
There is an open door here.
There is an open door here.
You open the door.
A jelly comes into view.
Found a ring mail.
The jelly quivers.
There is an open door here. 2 water moccasins come into view.
Found a stone staircase leading down.
The water moccasin hisses angrily. x2
There is an open door here.
You hit the jelly.
Your hands burn!
The jelly is lightly wounded.
The jelly closely misses you.
You hit the jelly. The acid corrodes you!
Your hands burn!
The jelly is heavily wounded.
You block the jelly's attack.
You punch the jelly!
You kill the jelly!
You closely miss the water moccasin. The water moccasin bites you.
The water moccasin bites you but does no damage.
You hit the water moccasin.
The water moccasin is lightly wounded.
The water moccasin bites you.
You block the water moccasin's attack. x2
The water moccasin closely misses you.
You can now pass through a line of other dancers.
You punch the water moccasin!
The water moccasin is heavily wounded.
You block the water moccasin's attack. The water moccasin bites you.
You miss the water moccasin.
The water moccasin is heavily wounded.
The water moccasin barely misses you. You block the water moccasin's attack.
The water moccasin bites you.
You are poisoned.
The water moccasin poisons you! The water moccasin bites you!
You miss the water moccasin.
The water moccasin is heavily wounded.
You feel very sick. The water moccasin bites you.
The water moccasin barely misses you.
You closely miss the water moccasin.
The water moccasin is heavily wounded.
You feel very sick. You block the water moccasin's attack.
The water moccasin bites you.
You are more poisoned.
The water moccasin poisons you!
You block the water moccasin's attack. x2
You hit the water moccasin but do no damage.
You feel very sick. The water moccasin bites you.
The water moccasin bites you but does no damage.
You closely miss the water moccasin.
You feel very sick. The water moccasin bites you.
You are lethally poisoned!
The water moccasin poisons you! The water moccasin barely misses you.
You block the water moccasin's attack. x2
You hit the water moccasin.
The water moccasin is severely wounded.
* * * LOW HITPOINT WARNING * * *
You feel very sick. The water moccasin bites you!
* * * LOW HITPOINT WARNING * * *
You are more poisoned.
The water moccasin poisons you!
The water moccasin bites you but does no damage.
Your transformation has ended.
You turn into a tree.
Your +0 chain mail melds into your body.
Your roots penetrate the ground.
* * * LOW HITPOINT WARNING * * *
You feel extremely sick. The water moccasin bites you.
* * * LOW HITPOINT WARNING * * *
The water moccasin bites you but does no damage.
It was a potion of degeneration.
There was something very wrong with that liquid.
You feel weakened.
You feel dopey.
You feel clumsy.
* * * LOW HITPOINT WARNING * * *
You feel extremely sick.
The water moccasin bites you but does no damage.
You block the water moccasin's attack.
The water moccasin bites you but does no damage. x2
It was a potion of enlightenment.
Your roots keep you in place.
You are no longer corroded.
You die...

,,,,*,,**,,########+####***,****,
****,,**,,*#............,,*,****,
******,*#........S...,,*,,,,*,
***#..........[.,,*,,,,*,
#.......J....,,*,,,,*,
#............,,*,,,,*,
############............,,*,,,**,
........#..####S##......***,,,**,
........#......S♣#,.....*,,,,,,*,
........#.<......#,,..>.*,,,,,,*,
........#........#,,,...+,,,,,,*,
........#........#,,,,S.*,,,,,,*,
........'........#,,,,,.*,,,,,,*,
........#..###..##,,,,,,*********
#########..####'#,,,,,,,,,,,,,,,,
#......#....#...#,,,,,,,,,,,,,,,,
#......#....#...#,,,,,,,,,,,,,,,,


You could see 2 water moccasins.

Vanquished Creatures
  Sigmund (D:4)
  A water moccasin (D:5)
  An ice beast (D:5)
  A black bear (D:5)
  2 centaurs
  A bullfrog (D:6)
  Blork the orc (D:4)
  2 scorpions (D:5)
  A quasit (D:4)
  3 jellies
  A gnoll bouda (D:4)
  A hell rat (Sewer)
  2 iguanas
  4 gnolls (D:4)
  4 adders
  5 river rats
  2 white imps (D:4)
  3 ufetubi (D:4)
  5 worms
  A dart slug (D:3)
  5 orcs
  7 bats
  An endoplasm (D:4)
  5 giant cockroaches
  4 hobgoblins
  6 jackals
  3 kobolds
  A quokka (D:4)
  A ball python (D:3)
  2 frilled lizards (D:2)
  5 goblins
  6 rats
88 creatures vanquished.

Vanquished Creatures (others)
  A jackal (D:4)
1 creature vanquished.

Grand Total: 89 creatures vanquished

Notes
Turn   | Place    | Note
-------+----------+-------------------------------------------
     0 | D:1      | Flugkiller the Meteoran Shapeshifter began the quest for
                  | the Orb.
     0 | D:1      | Reached XP level 1. HP: 16/16 MP: 2/2
   159 | D:1      | Reached XP level 2. HP: 23/23 MP: 3/3
   390 | D:2      | Reached XP level 3. HP: 28/28 MP: 4/4
   691 | D:3      | Found a hide-covered altar of Uskayaw.
   713 | D:3      | Became a worshipper of Uskayaw the Reveller
   730 | D:3      | Reached skill level 1 in Shields
   734 | D:3      | Reached * piety under Uskayaw
   735 | D:3      | Reached XP level 4. HP: 30/35 MP: 5/5
   934 | D:3      | Reached ** piety under Uskayaw
   944 | D:3      | Reached *** piety under Uskayaw
  1204 | D:4      | Found a staircase to the Ecumenical Temple.
  1209 | D:4      | Noticed Blork the orc
  1221 | D:4      | Killed Blork the orc
  1222 | D:4      | Reached XP level 5. HP: 41/41 MP: 6/6
  1257 | D:4      | Noticed Sigmund
  1270 | D:4      | Killed Sigmund
  1271 | D:4      | Reached skill level 3 in Invocations
  1271 | D:4      | Reached XP level 6. HP: 37/50 MP: 6/9
  1354 | D:4      | Noticed a centaur
  1367 | D:4      | Killed a centaur
  1368 | D:4      | Reached skill level 5 in Unarmed Combat
  1368 | D:4      | Reached XP level 7. HP: 20/57 MP: 10/10
  1370 | D:4      | Reached **** piety under Uskayaw
  1405 | D:4      | Reached skill level 4 in Invocations
  1547 | D:4      | Identified the +0 scale mail "Yntaolome" {rElec Int+4
                  | Dex+4}
  1573 | D:4      | Found a radiant altar of Vehumet.
  1596 | D:4      | Reached skill level 5 in Invocations
  1620 | D:5      | Entered Level 5 of the Dungeon
  1642 | D:5      | Reached XP level 8. HP: 59/66 MP: 9/13
  1661 | D:5      | Found a sacrificial altar of Ru.
  1739 | D:5      | Reached skill level 6 in Invocations
  1774 | D:5      | Found a glowing drain.
  1778 | Sewer    | Entered a sewer
  1879 | D:5      | Reached skill level 5 in Fighting
  1969 | D:5      | Reached skill level 5 in Shields
  2010 | D:5      | Reached skill level 5 in Shapeshifting
  2018 | D:5      | Found Ajuxkam's Book Shop.
  2124 | D:6      | Gained mutation: You passively map the area around you.
                  | [Meteoran growth]
  2124 | D:6      | Reached XP level 9. HP: 68/74 MP: 14/14
  2210 | D:6      | HP: 5/111 [poisoned by a water moccasin]
  2211 | D:6      | Succumbed to a water moccasin's poison

Illustrated notes

Levels and vault maps discovered:
D:1:      mrwooster_arrival_statue_3, layout_loops_cross
D:2:      layout_loops_corners, basic_altar
D:3:      layout_basic, eat_drink_and_be_merry_uskayaw,
          lemuel_coloured_pillars_altar, chei_slow_surprise,
          nicolae_eternal_life, serial_bayou_pond_b, patterned_corridor
D:4:      layout_basic, nicolae_vehumet_radiance,
          minmay_temple_entry_water_ring, serial_demonic, serial_demonic_b,
          serial_demonic_b, serial_demonic_e, serial_demonic_g,
          serial_demonic_c, serial_library_hellmonk_room_b, uniq_blork_the_orc,
          uniq_sigmund
D:5:      layout_rooms, nicolae_ru_sacrificial_ziggurat,
          lightli_sewer_entry_pipes, serial_shops,
          nicolae_shop_tiny_statue_garden
D:6:      layout_gridville, gammafunk_temple_overflow_arena,
          mainiacjoe_overflow_24_doors, hangedman_abyss_or_decor_slice

Skill      XL: |  1  2  3  4  5  6  7  8 |
---------------+-------------------------+-----
Shapeshifting  | 4 5 |  5.2
Shields        | 1 3 5 |  5.0
Fighting       | 2 3 4 5 |  5.3
Unarmed Combat | 4 5 |  5.8
Invocations    | 3 5 6 |  6.4
Dodging        | |  2.9

Action                     |  1- 3 |  4- 6 |  7- 9 || total
---------------------------+-------+-------+-------++-------
  Melee: Unarmed           |    56 |    79 |   250 ||   385
    Use: Scroll            |       |     5 |     2 ||     7
         Potion            |       |     1 |     3 ||     4
   Stab: Paralysed         |       |     3 |     5 ||     8
 Armour: Animal skin       |    34 |       |       ||    34
         Chain mail        |     9 |    82 |   164 ||   255
         Skin              |       |     5 |     5 ||    10
  Dodge: Dodged            |    29 |    18 |    61 ||   108
  Block: Kite shield       |    12 |    77 |   207 ||   296
         Reflection        |     5 |     2 |     1 ||     8

Table legend: (Time is in decaauts)
 A = Elapsed time spent in this place.
 B = Non-inter-level travel time spent in this place.
 C = Inter-level travel time spent in this place.
 D = Time resting spent in this place.
 E = Time spent auto-exploring this place.
 F = Levels seen in this place.
 G = Mean time per level.
                   A        B        C        D        E       F      G
               +--------+--------+--------+--------+--------+-----+--------+
         Total |   2265 |   2112 |    153 |      0 |      0 |   7 |  323.6 |
       Dungeon |   2198 |   2045 |    153 |      0 |      0 |   6 |  366.3 |
         Sewer |     67 |     67 |      0 |      0 |      0 |   1 |   67.0 |
               +--------+--------+--------+--------+--------+-----+--------+

Top non-repeatable levels by time:
     D:4: 474 daAuts
     D:2: 472 daAuts
     D:5: 454 daAuts
     D:3: 443 daAuts
     D:1: 256 daAuts
     D:6: 98 daAuts
   Sewer: 67 daAuts
